 Dungeon Crawl Stone Soup version 0.32-a0-699-g1ee5eff69a (webtiles) character file.

Game seed: 15626238624845538736

2886 hikkokomori the Apothecary (level 9, -7/72 HPs)
             Began as a Coglin Alchemist on Mar 14, 2024.
             Mangled by a gnoll sergeant
             ... wielding a +4 vampiric spear
              (12 damage)
             ... on level 7 of the Dungeon.
             The game lasted 00:24:30 (8123 turns).

hikkokomori the Apothecary (Coglin Alchemist)       Turns: 8123, Time: 00:24:31

Health: -7/72      AC:  7    Str: 10    XL:     9   Next: 77%
Magic:  13/13      EV: 13    Int: 14    God:
Gold:   321        SH:  0    Dex: 18    Spells: 6/14 levels left

rFire   . . .        F - +4 short sword {Yadidatum}
rCold   . . .        m - +0 dagger (venom) {Appia}
rNeg    . . .        C - +0 steam dragon scales
rPois   .            (no helmet)
rElec   .            (no cloak)
rCorr   .            h - +0 pair of gloves
SInv    .            l - +0 pair of boots
Will    .....        (amulet unavailable)
Stlth   ++           (ring unavailable)
HPRegen 0.32/turn    (ring unavailable)
MPRegen 0.13/turn    (no gizmo)

%: no passive effects
@: revved
A: off-hand wielding, slow wielding, warmup strikes, no jewellery
a: Invent Gizmo


You were on level 7 of the Dungeon.
You visited 2 branches of the dungeon, and saw 8 of its levels.

You collected 321 gold pieces.

Inventory:

Hand Weapons
 e - a +0 spear {Edeltraud}
 f - a +0 dagger {Tae}
 m - a +0 dagger of venom (offhand) {Appia}
 y - a +2 whip of flaming
 B - a +3 dagger {Arif}
 E - a +0 vampiric war axe
 F - a +4 short sword (weapon) {Yadidatum}
 G - a +4 falchion
Missiles
 i - 3 silver javelins
Armour
 a - a +0 robe
 h - a +0 pair of gloves (worn)
 l - a +0 pair of boots (worn)
 C - +0 steam dragon scales (worn)
Wands
 w - a wand of light (7)
 A - a wand of polymorph (12)
Scrolls
 c - 4 scrolls of identify {unknown}
 d - 5 scrolls of teleportation {unknown}
 g - 2 scrolls of amnesia {unknown}
 j - a scroll of blinking {unknown}
 k - a scroll of revelation {unknown}
 n - a scroll of enchant armour {unknown}
 o - 2 scrolls of fear {unknown}
 p - a scroll of noise {unknown}
 s - a scroll of vulnerability {unknown}
 t - 2 scrolls of enchant weapon {unknown}
 v - a scroll of torment {unknown}
 x - 2 scrolls of immolation {unknown}
Potions
 b - a potion of magic
 q - a potion of brilliance {unknown}
 r - a potion of haste
 z - a potion of curing
 D - a potion of cancellation


   Skills:
 - Level 7.0 Fighting
 + Level 5.7 Short Blades
 + Level 0.1 Throwing
 + Level 4.0 Dodging
 - Level 1.5 Stealth
 - Level 3.0 Spellcasting
 - Level 3.0 Conjurations
 - Level 2.0 Air Magic
 - Level 7.0 Alchemy
 + Level 3.5 Evocations


You had 6 spell levels left.
You knew the following spells:

 Your Spells              Type           Power      Damage    Failure   Level
a - Sting                 Conj/Alch      64%        1d7       2%          1
b - Olgreb's Toxic Radia  Alch           21%        N/A       12%         4
c - Mephitic Cloud        Conj/Alch/Air  13%        N/A       12%         3

Your spell library contained the following spells:

 Spells                   Type           Power      Damage    Failure   Level
 Mercury Vapours          Alch/Air       28%        N/A       4%          2
 Summon Small Mammal      Summ           8%         N/A       22%         1
 Dazzling Flash           Conj/Hex       12%        N/A       34%         3
 Sticky Flame             Fire/Alch      11%        2d5       45%         4
 Call Canine Familiar     Summ           2%         N/A       54%         3
 Summon Blazeheart Golem  Fire/Summ      2%         N/A       91%         4
 Silence                  Hex/Air        2%         N/A       98%         5
 Curse of Agony           Necr           2%         N/A       99%         5


Dungeon Overview and Level Annotations

Branches:
Dungeon (7/15)             Temple (1/1) D:5

Altars:
Ashenzari
Dithmenos
Elyvilon
Kikubaaqudgha
Makhleb
Qazlal
Ru
Sif Muna
Trog
Vehumet
Wu Jian
Zin
The Shining One

Shops:
D:1 :

Annotations:
D:5 1 runed translucent door, Crazy Yiuf


Innate Abilities, Weirdness & Mutations

You can wield a second weapon in your off-hand.
It takes a long time for you to wield or remove held weapons.
Your first few attacks do less damage.
You cannot equip rings or amulets.


Message History

The gnoll sergeant draws strength from your wounds!
Unknown command.
You turn into a tree.
Your +0 pair of gloves melds into your body.
Your +0 pair of boots melds into your body.
Your +0 steam dragon scales melds into your body.
Your roots penetrate the ground.
The gnoll sergeant hits you with a +4 vampiric spear!
* * * LOW HITPOINT WARNING * * *
The gnoll sergeant draws strength from your wounds!
You hit the gnoll sergeant with your +0 dagger of venom.
The gnoll sergeant is lightly wounded.
You hit the gnoll sergeant with your +4 short sword.
It was a potion of haste.
You feel yourself speed up.
The gnoll sergeant hits you but does no damage.
You barely miss the gnoll sergeant with your +0 dagger of venom.
The gnoll sergeant is lightly wounded.
You hit the gnoll sergeant with your +4 short sword.
The gnoll sergeant completely misses you.
You hit the gnoll sergeant but do no damage.
The gnoll sergeant is heavily wounded.
You hit the gnoll sergeant but do no damage.
The gnoll sergeant looks as sick as possible!
You hit the gnoll sergeant but do no damage.
The gnoll sergeant looks as sick as possible!
The gnoll sergeant is heavily wounded.
You hit the gnoll sergeant but do no damage.
The gnoll sergeant hits you with a +4 vampiric spear.
* * * LOW HITPOINT WARNING * * *
The gnoll sergeant draws strength from your wounds!
It was a potion of cancellation.
Your magical effects are unravelling.
You feel magically purged.
You feel less wooden.
Your +0 pair of gloves unmelds from your body.
Your +0 pair of boots unmelds from your body.
Your +0 steam dragon scales unmelds from your body.
You feel yourself slow down.
The gnoll sergeant hits you with a +4 vampiric spear!
You die...

...... #.. .###.. #...
### #...#######+## #..
### #............###..#
#.. #............##..#
#..
#............##.######..
#..$...).....>.......+..
.$....g@.....(......##..
#.....#####.........##..
###(. #####.........##..
... #.............##..
#(. #.................
#( #.....######...... #
#.....# #......
#####.....#### #......
#............# #......


You could see a gnoll sergeant (extremely poisoned).

Vanquished Creatures
  Pikel (D:5)
  A wyvern (D:7)
  Eustachio (D:6)
  A steam dragon (D:6)
  A sky beast (D:7)
  A black bear (D:4)
  3 ogres
  2 phantoms
  2 kobold brigands
  A lemure (D:5)
  2 bullfrogs (D:7)
  2 scorpions (D:5)
  A gnoll sergeant (D:5)
  4 wights (D:7)
  2 jellies
  5 hounds
  An orc priest (D:6)
  6 orc wizards
  A sleepcap (D:5)
  4 iguanas
  6 gnolls
  10 adders
  A shadow imp (D:6)
  3 white imps
  2 dart slugs
  2 ribbon worms
  30 orcs
  10 bats
  3 endoplasms
  2 giant cockroaches (D:2)
  9 goblins
  4 hobgoblins
  5 jackals
  4 quokkas
  7 ball pythons
  5 frilled lizards
  13 kobolds
  6 rats
164 creatures vanquished.

Vanquished Creatures (others)
  An orc wizard (D:6)
1 creature vanquished.

Grand Total: 165 creatures vanquished

Notes
Turn   | Place    | Note
-------+----------+-------------------------------------------
     0 | D:1      | hikkokomori the Coglin Alchemist began the quest for the
                  | Orb.
     0 | D:1      | Reached XP level 1. HP: 13/13 MP: 3/3
   175 | D:1      | Reached XP level 2. HP: 17/20 MP: 5/5
   183 | D:1      | Reached skill level 1 in Fighting
   741 | D:1      | Found Mokk's Book Boutique.
   866 | D:2      | Reached XP level 3. HP: 6/27 MP: 3/6
   872 | D:2      | HP: 2/40 [poisoned by an adder]
  1411 | D:2      | Reached XP level 4. HP: 33/33 MP: 4/7
  2637 | D:3      | Reached XP level 5. HP: 39/40 MP: 4/8
  2902 | D:3      | Reached skill level 5 in Alchemy
  3271 | D:4      | Learned a level 4 spell: Olgreb's Toxic Radiance
  3309 | D:4      | Reached XP level 6. HP: 39/48 MP: 9/9
  3631 | D:4      | Reached skill level 1 in Short Blades
  3809 | D:4      | Noticed a black bear
  3820 | D:4      | Killed a black bear
  3821 | D:4      | Reached XP level 7. HP: 43/55 MP: 5/10
  3899 | D:4      | Found a glowing golden altar of the Shining One.
  3899 | D:4      | Found a glowing silver altar of Zin.
  3900 | D:4      | Found a white marble altar of Elyvilon.
  3975 | D:4      | You fall into a shaft and drop 1 floor!
  3975 | D:5      | Entered Level 5 of the Dungeon
  4196 | D:5      | Learned a level 3 spell: Mephitic Cloud
  4380 | D:5      | Reached skill level 1 in Conjurations
  4550 | D:5      | Reached skill level 5 in Fighting
  4843 | D:5      | Found a runed translucent door.
  4844 | D:5      | Noticed Crazy Yiuf
  4903 | D:5      | Reached skill level 1 in Air Magic
  5159 | D:5      | Reached XP level 8. HP: 62/62 MP: 11/11
  5568 | D:5      | Noticed Pikel
  5579 | D:5      | Killed Pikel
  5827 | D:5      | Found a staircase to the Ecumenical Temple.
  5961 | Temple   | Entered the Ecumenical Temple
  6228 | D:6      | Reached XP level 9. HP: 15/69 MP: 2/13
  6739 | D:6      | Noticed Eustachio
  6748 | D:6      | Killed Eustachio
  7030 | D:6      | Found a sacrificial altar of Ru.
  7356 | D:7      | Reached skill level 5 in Short Blades
  7356 | D:7      | Reached skill level 1 in Evocations
  7644 | D:7      | Found a stormy altar of Qazlal.
  8123 | D:7      | Mangled by a gnoll sergeant

Illustrated notes

Levels and vault maps discovered:
D:1:      minmay_arrival_three_doors, layout_loops_ring, serial_shops,
          nicolae_shop_peninsula
D:2:      layout_basic, mrwooster_statue_mirror
D:3:      layout_rooms
D:4:      layout_loops_ring, good_gods_temple_1
D:5:      layout_basic, minmay_temple_entry_sparse_star, uniq_pikel,
          uniq_crazy_yiuf_cottage
D:6:      layout_loops_cross, mainiacjoe_overflow_chevrons, uniq_eustachio
D:7:      layout_basic, mainiacjoe_overflow_tiny_flanked
Temple:   nicolae_temple_two_arcs

Skill      XL: |  1  2  3  4  5  6  7  8  9 |
---------------+----------------------------+-----
Spellcasting   | 2 3 |  3.0
Fighting       | 1 2 3 4 5 6 7 |  7.0
Alchemy        | 4 5 6 7 |  7.0
Short Blades   | 1 2 4 5 |  5.7
Conjurations   | 1 3 |  3.0
Air Magic      | 1 2 |  2.0
Dodging        | 4 |  4.0
Evocations     | 3 |  3.5
Throwing       | |  0.1
Stealth        | |  1.5

Action                     |  1- 3 |  4- 6 |  7- 9 || total
---------------------------+-------+-------+-------++-------
  Melee: Unarmed           |    16 |       |       ||    16
         Spear             |    68 |    86 |    86 ||   240
         Dagger            |    49 |    79 |   479 ||   607
         Short sword       |       |       |    42 ||    42
  Throw: Javelin           |       |     2 |    10 ||    12
   Cast: Sting             |    34 |    78 |    13 ||   125
         Olgreb's Toxic Ra |       |       |     5 ||     5
         Mephitic Cloud    |       |       |     6 ||     6
  Evoke: Wand              |       |       |     2 ||     2
    Use: Potion            |     1 |     2 |     4 ||     7
   Stab: Sleeping          |     2 |     3 |     4 ||     9
         Distracted        |     1 |       |       ||     1
         Invisible         |       |     2 |     4 ||     6
         Confused          |       |       |    12 ||    12
 Armour: Robe              |    38 |    80 |    75 ||   193
         Steam dragon scal |       |       |    70 ||    70
         Skin              |       |       |     3 ||     3
  Dodge: Dodged            |    59 |    74 |   163 ||   296

Table legend: (Time is in decaauts)
 A = Elapsed time spent in this place.
 B = Non-inter-level travel time spent in this place.
 C = Inter-level travel time spent in this place.
 D = Time resting spent in this place.
 E = Time spent auto-exploring this place.
 F = Levels seen in this place.
 G = Mean time per level.
                   A        B        C        D        E       F      G
               +--------+--------+--------+--------+--------+-----+--------+
         Total |   8087 |   7686 |    401 |    742 |   5391 |   8 | 1010.9 |
       Dungeon |   8081 |   7680 |    401 |    742 |   5391 |   7 | 1154.4 |
        Temple |      5 |      5 |      0 |      0 |      0 |   1 |    5.0 |
               +--------+--------+--------+--------+--------+-----+--------+

Top non-repeatable levels by time:
     D:5: 1978 daAuts
     D:2: 1495 daAuts
     D:4: 1284 daAuts
     D:6: 963 daAuts
     D:1: 884 daAuts
     D:7: 765 daAuts
     D:3: 710 daAuts
  Temple: 5 daAuts
